 Dungeon Crawl Stone Soup version 0.18.1-48-g4cf74bf (webtiles) character file.

40 RickumRackum the Chiller (level 3, -3/31 HPs)
             Began as a Naga Ice Elementalist on Aug 23, 2016.
             Slain by a gnoll
             ... wielding a +1 halberd of protection
              (7 damage)
             ... on level 2 of the Dungeon.
             The game lasted 00:13:47 (1108 turns).

RickumRackum the Chiller (Naga Ice Elementalist)    Turns: 1108, Time: 00:13:48

Health: -3/31      AC:  3    Str: 10    XL:     3   Next: 50%
Magic:  2/6        EV: 10    Int: 16    God:
Gold:   75         SH:  0    Dex: 11    Spells: 3 memorised, 0 levels left

rFire  . . .     SeeInvis +     f - +4 dagger
rCold  . . .     Gourm    .     a - +1 robe
rNeg   . . .     Faith    .     (no shield)
rPois  +         Spirit   .     (no helmet)
rElec  .         Dismiss  .     (no cloak)
rCorr  .         Reflect  .     (no gloves)
SustAt .         Harm     .     (no barding)
MR     .....                    (no amulet)
Stlth  +.........               (no ring)
                                k - ring of loudness (curse)

@: short of breath, very slightly contaminated, very slow, not resistant to
hostile enchantments, very unstealthy
A: see invisible, deformed body, poison resistance, slowness 2, slow metabolism
1, spit poison 2, AC +1
a: Spit Poison


You were on level 2 of the Dungeon.
You were not hungry.

You visited 1 branch of the dungeon, and saw 2 of its levels.

You collected 75 gold pieces.

Inventory:

Hand Weapons
 f - a +4 dagger (weapon)
Missiles
 e - 92 stones (quivered)
Armour
 a - a +1 robe (worn)
 g - a +0 buckler
Jewellery
 k - a cursed ring of loudness (left hand)
Potions
 d - a potion of cure mutation
Books
 b - a book of Frost

   Spells                             Type                      Level
   a - Freeze                         Ice                          1
   b - Throw Frost                    Conjuration/Ice              2
   c - Ozocubu's Armour               Charms/Ice                   3
   d - Throw Icicle                   Conjuration/Ice              4
   e - Summon Ice Beast               Ice/Summoning                4
Comestibles
 c - a bread ration


   Skills:
 + Level 1.2 Fighting
 + Level 1.8 Dodging
 + Level 3.4 Stealth
 + Level 2.3 Spellcasting
 + Level 1.0 Conjurations
 + Level 0.0 Charms
 * Level 3.4 Ice Magic


You couldn't memorise any spells.
You knew the following spells:

 Your Spells              Type           Power        Failure   Level  Hunger
a - Freeze                Ice            ##..         6%          1    #......
b - Throw Frost           Conj/Ice       #.....       14%         2    ###....
c - Ozocubu's Armour      Chrm/Ice       #.......     34%         3    ###....


Dungeon Overview and Level Annotations

Branches:
Dungeon (2/15)

Altars:


Innate Abilities, Weirdness & Mutations

You cannot wear boots.
Your serpentine skin is tough (AC +1).
You have supernaturally acute eyesight.
Armour fits poorly on your strangely shaped body.
Your system is resistant to poisons.
You cover ground very slowly.
You have a slow metabolism.
You can spit poison.


Message History

The gnoll hits you with a halberd of protection.
The gnoll misses you.
You barely miss the gnoll.
The gnoll is moderately wounded.
You have got your breath back.
The gnoll looks more healthy.
The gnoll hits you but does no damage.
Press: ? - help, Shift-Dir - straight line, f/p - gnoll
Aim: a gnoll, wielding a halberd of protection (almost dead)
The splash of poison misses the gnoll.
You feel slightly more hungry. The gnoll hits you with a club!
* * * LOW HITPOINT WARNING * * *
The gnoll misses you.
You closely miss the gnoll.
The gnoll is moderately wounded.
The gnoll barely misses you.
You closely miss the gnoll.
The gnoll is moderately wounded.
The gnoll barely misses you. x2
The gnoll hits you with a halberd of protection!
You die...

..........?#
...<....... #
.....##... #. #...
..## #
#..##..8#8..#.#
.##..#...#$#SK..
.........8#8g##.##.#
#....#..g@g.......
#....<..#####.....
######### ###


You could see 3 gnolls, an adder and a kobold.

Vanquished Creatures
  A gnoll (D:1)
  An ooze (D:1)
  A dart slug (D:1)
  4 goblins (D:1)
  A hobgoblin (D:1)
  5 jackals (D:1)
  3 kobolds (D:1)
  A ball python (D:1)
  2 bats (D:1)
  6 rats (D:1)
25 creatures vanquished.

Notes
Turn   | Place    | Note
--------------------------------------------------------------
     0 | D:1      | RickumRackum the Naga Ice Elementalist began the quest for the Orb.
     0 | D:1      | Reached XP level 1. HP: 15/15 MP: 3/3
   137 | D:1      | Reached XP level 2. HP: 21/24 MP: 5/5
   182 | D:1      | Reached skill level 1 in Fighting
   370 | D:1      | Reached XP level 3. HP: 31/31 MP: 1/6
  1087 | D:1      | Learned a level 2 spell: Throw Frost
  1091 | D:1      | Learned a level 3 spell: Ozocubu's Armour
  1108 | D:2      | Slain by a gnoll

Skill      XL: |  1  2 |
---------------+-------+-----
Fighting       | 1 |  1.2
Dodging        | |  1.8
Stealth        | |  3.4
Spellcasting   | |  2.3
Conjurations   | |  1.0
Ice Magic      | |  3.4

Action                   || total
-------------------------++-------
Melee: Unarmed           ||     8
       Dagger            ||     8
 Cast: Freeze            ||    25
       Throw Frost       ||     1
 Abil: Spit Poison       ||    16
  Use: Scroll            ||     3
       Potion            ||     2
  Eat: Beef jerky        ||     1
Armor: Robe              ||     4
Dodge: Dodged            ||    26
